 Dungeon Crawl Stone Soup version 0.23-a0-643-g9ccc95a (webtiles) character file.

353 MalarOregon the Chiller (level 6, -2/48 HPs)
             Began as a Merfolk Ice Elementalist on Jan 1, 2019.
             Slain by Crazy Yiuf
             ... wielding a +2 quarterstaff of chaos
              (8 damage)
             ... on level 3 of the Dungeon.
             The game lasted 00:06:54 (3451 turns).

MalarOregon the Chiller (Merfolk Ice Elementalist)  Turns: 3451, Time: 00:06:55

Health: -2/48      AC:  3    Str:  8    XL:     6   Next: 62%
Magic:  4/9        EV: 13    Int: 17    God:
Gold:   68         SH:  0    Dex: 14    Spells: 2/9 levels left

rFire    . . .     SeeInvis .   q - +0 halberd
rCold    . . .     Gourm    .   (shield currently unavailable)
rNeg     . . .     Faith    .   a - +0 robe
rPois    .         Spirit   .   d - +0 helmet
rElec    .         Reflect  .   (no cloak)
rCorr    .         Harm     .   (no gloves)
MR       .....                  (no boots)
Stlth    ++........             (no amulet)
HPRegen  0.16/turn              (no ring)
MPRegen  0.11/turn              (no ring)

@: no status effects
A: change form in water, swift swim, stealthy swim
a: no special abilities


You were on level 3 of the Dungeon.
You were hungry.

You visited 1 branch of the dungeon, and saw 3 of its levels.

You collected 68 gold pieces.

Inventory:

Hand Weapons
 i - a +0 scythe
   (You took it off Sigmund on level 2 of the Dungeon)
 o - a +1 short sword of holy wrath
   (You took it off a kobold on level 2 of the Dungeon)
 q - a +0 halberd (weapon)
   (You found it on level 3 of the Dungeon)
Missiles
 k - 2 needles of confusion
Armour
 a - a +0 robe (worn)
 d - a +0 helmet (worn)
   (You found it on level 1 of the Dungeon)
Scrolls
 c - 2 scrolls of teleportation {unknown}
 f - a scroll of random uselessness {unknown}
 g - 3 scrolls of amnesia {unknown}
 r - a scroll of enchant weapon {unknown}
 s - a scroll of remove curse {unknown}
Potions
 b - a potion of curing {@q1}
 h - a potion of resistance {unknown}
 j - a potion of brilliance {unknown}
 l - a potion of might {unknown}
 n - a potion of degeneration {unknown}
 p - a potion of haste {unknown}
 t - a potion of lignification {unknown}
Comestibles
 e - 9 rations {!d}


   Skills:
 - Level 4.2 Fighting
 + Level 2.6 Polearms
 - Level 2.6 Dodging
 - Level 2.1 Stealth
 - Level 2.0 Spellcasting
   Level 0.7 Conjurations
 + Level 6.0 Ice Magic


You had 2 spell levels left.
You knew the following spells:

 Your Spells              Type           Power        Failure   Level  Hunger
a - Freeze                Ice            ###.         1%          1    #......
d - Summon Ice Beast      Ice/Summ       ##......     50%         4    #####..
x - Ensorcelled Hibernat  Hex/Ice        ##....       9%          2    ###....

Your spell library contained the following spells:

 Spells                   Type           Power        Failure   Level  Hunger
 Throw Frost              Conj/Ice       ##....       8%          2    ###....
 Corona                   Hex            #......      19%         1    #......
 Ozocubu's Armour         Chrm/Ice       ##......     17%         3    ###....
 Throw Icicle             Conj/Ice       ##......     43%         4    #####..
 Dazzling Spray           Conj/Hex       #.....       45%         3    ###....
 Confuse                  Hex            #.......     50%         3    ###....
 Tukima's Dance           Hex            #.......     50%         3    ###....


Dungeon Overview and Level Annotations

Branches:
Dungeon (3/15)

Altars:
The Shining One

Annotations:
D:3 Crazy Yiuf


Message History

You closely miss the adder. The adder barely misses you.
The adder closely misses you.
You hit the adder.
You feel sick. The adder bites you but does no damage.
The adder closely misses you.
You closely miss the adder. The adder misses you. The adder bites you.
You closely miss the adder. The adder closely misses you.
You miss the adder.
You feel sick. The adder bites you. The adder closely misses you.
You puncture the adder!
You kill the adder!
No target in view!
You feel sick.
You feel sick.
You are no longer poisoned.
You see here 23 bolts.
Your magical contamination has completely faded away.
You see here 23 bolts.
You are feeling hungry.
Key pressed, stopping explore.
Partly explored, unopened runed door.
As you open the door, it creaks loudly!
Crazy Yiuf the Enlightened comes into view.
He is wielding a +2 quarterstaff of
Found a mace.
Aim: Crazy Yiuf, wielding a +2 quarterstaff of chaos and wearing a +0 cloak Crazy Yiuf resists with some effort.
Aim: Crazy Yiuf, wielding a +2 quarterstaff of chaos and wearing a +0 cloak Crazy Yiuf looks drowsy...
The helpless Crazy Yiuf fails to defend himself.
You hit Crazy Yiuf but do no damage. Crazy Yiuf closely misses you.
You puncture Crazy Yiuf! Crazy Yiuf closely misses you.
You hit Crazy Yiuf. Crazy Yiuf closely misses you.
You closely miss Crazy Yiuf. Crazy Yiuf barely misses you.
Crazy Yiuf hits you with a +2 quarterstaff of chaos!
You are electrocuted!
Unknown command.
You hit Crazy Yiuf.
Crazy Yiuf hits you with a +2 quarterstaff of chaos.
* * * LOW HITPOINT WARNING * * *
Crazy Yiuf freezes you.
* * * LOW HITPOINT WARNING * * *
You closely miss Crazy Yiuf. Crazy Yiuf barely misses you.
You hit Crazy Yiuf but do no damage. Crazy Yiuf completely misses you.
Aim: Crazy Yiuf, wielding a +2 quarterstaff of chaos and wearing a +0 cloak You freeze Crazy Yiuf.
Crazy Yiuf closely misses you.
Aim: Crazy Yiuf, wielding a +2 quarterstaff of chaos and wearing a +0 cloak You freeze Crazy Yiuf.
Crazy Yiuf hits you with a +2 quarterstaff of chaos!
* * * LOW HITPOINT WARNING * * *
Crazy Yiuf burns you!
You die...

......##................##......#
......##.....................#...
......##............###......#...
........############# ##.........
......### #..#......
......####♣♣♣♣♣ #..#......
......##.#..♣.♣♣♣ ### #.........
.............♣..♣#...# #.........
######......♣♣♣♣@g...# #.........
.........#.♣♣ ♣♣#..)# #..######.
.......###♣♣ ### ##.....##.
.......# #........ #.....##
##........
#.....##################.........
#.....##.....##.##............#..
#.....##...#.##.##............#..
#..........#..#.#########.....#..


You could see Crazy Yiuf.

Vanquished Creatures
  Sigmund (D:2)
  An orc priest (D:3)
  Jessica (D:2)
  8 adders
  An ooze (D:1)
  2 worms
  A dart slug (D:2)
  2 leopard geckos
  2 orcs (D:3)
  A giant cockroach (D:1)
  8 goblins
  9 hobgoblins
  2 jackals (D:2)
  2 quokkas
  5 bats
  5 frilled lizards
  9 kobolds
  11 rats
71 creatures vanquished.

Notes
Turn   | Place    | Note
-------+----------+-------------------------------------------
     0 | D:1      | MalarOregon the Merfolk Ice Elementalist began the quest
                  | for the Orb.
     0 | D:1      | Reached XP level 1. HP: 13/13 MP: 3/3
   266 | D:1      | Reached skill level 1 in Fighting
   296 | D:1      | Reached XP level 2. HP: 21/21 MP: 1/5
   686 | D:1      | Reached XP level 3. HP: 21/27 MP: 6/6
   826 | D:1      | Reached skill level 4 in Ice Magic
   952 | D:2      | Noticed Sigmund
  1334 | D:2      | Noticed Jessica
  1347 | D:2      | Killed Jessica
  1347 | D:2      | Reached XP level 4. HP: 30/34 MP: 0/7
  1873 | D:2      | Killed Sigmund
  1873 | D:2      | Reached skill level 5 in Ice Magic
  1873 | D:2      | Reached XP level 5. HP: 13/42 MP: 0/8
  1873 | D:2      | Reached XP level 6. HP: 15/48 MP: 0/9
  2084 | D:2      | Learned a level 4 spell: Summon Ice Beast
  2142 | D:2      | Found a glowing golden altar of the Shining One.
  2332 | D:2      | Reached skill level 1 in Polearms
  2785 | D:3      | Found a runed door.
  2857 | D:3      | Learned a level 2 spell: Ensorcelled Hibernation
  2876 | D:3      | Reached skill level 6 in Ice Magic
  3440 | D:3      | Noticed Crazy Yiuf
  3451 | D:3      | Slain by Crazy Yiuf

Vault maps used:
D:1:      scummos_arrival_simple_fountains, st_stairs_11
D:2:      lemuel_crystal_altar, uniq_sigmund, uniq_jessica
D:3:      first_ration, uniq_crazy_yiuf_cottage

Skill      XL: |  1  2  3  4  5  6 |
---------------+-------------------+-----
Fighting       | 1 2 4 |  4.2
Ice Magic      | 4 5 6 |  6.0
Polearms       | 2 |  2.6
Dodging        | |  2.6
Stealth        | |  2.1
Spellcasting   | |  2.0
Conjurations   | |  0.7

Action                   |  1- 3 |  4- 6 || total
-------------------------+-------+-------++-------
Melee: Unarmed           |     7 |       ||     7
       Short sword       |    44 |    14 ||    58
       Halberd           |       |    54 ||    54
       Scythe            |       |    41 ||    41
 Cast: Freeze            |    23 |    50 ||    73
       Ensorcelled Hiber |       |     4 ||     4
 Stab: Sleeping          |     4 |     5 ||     9
  Eat: Chunk             |     2 |     7 ||     9
Armor: Robe              |    10 |    25 ||    35
Dodge: Dodged            |    39 |   115 ||   154

Table legend:
 A = Non-vault XP
 B = Vault XP
 C = Vault XP percentage of total XP
 D = Non-vault monster count
 E = Vault monster count
 F = Vault count percentage of total count
                 A         B        C        D         E       F
            +---------+---------+-------+---------+---------+-------
      Total |     246 |     259 |  51.3 |      63 |       8 |  11.3
            +---------+---------+-------+---------+---------+-------
        D:1 |      29 |      10 |  25.6 |      16 |       6 |  27.3
        D:2 |     107 |     249 |  69.9 |      26 |       2 |   7.1
        D:3 |     110 |       0 |   0.0 |      21 |       0 |   0.0
            +---------+---------+-------+---------+---------+-------
